 Dungeon Sprint DCSS version 0.24.0-37-gcf1ca852f1 (webtiles) character file.

Game seed: 1249136954553538708, levelgen mode: deterministic

17 Dookie the Magician (level 4, -11/33 HPs)
             Began as a Demigod Wizard on Nov 23, 2019.
             Killed by divine providence
             ... invoked by an orc priest
              (14 damage)
             ... in the Dungeon (Sprint VI: "Thunderdome").
             The game lasted 00:11:14 (269 turns).

Dookie the Magician (Demigod Wizard)                 Turns: 269, Time: 00:11:15

Health: -11/33     AC:  2    Str: 10    XL:     4   Next: 43%
Magic:  9/15       EV: 12    Int: 24    God:
Gold:   230        SH:  0    Dex: 14    Spells: 12/15 levels left

rFire    . . .     SeeInvis .   (no weapon)
rCold    . . .     Gourm    .   (no shield)
rNeg     . . .     Faith    .   a - +0 robe
rPois    .         Spirit   .   b - +0 hat
rElec    .         Reflect  .   (no cloak)
rCorr    .         Harm     .   (no gloves)
MR       .....     NoTele   +   (no boots)
Stlth    ++........             (no amulet)
HPRegen  0.11/turn              (no ring)
MPRegen  0.14/turn              (no ring)

@: no status effects
A: high mp 1
a: no special abilities


You were in the Dungeon.
You were not hungry.

You visited 1 branch You collected 230 gold pieces.

Inventory:

Armour
 a - a +0 robe (worn)
 b - a +0 hat (worn)
Wands
 k - a wand of acid (2)
 l - a wand of iceblast (3)
Scrolls
 j - 4 scrolls of blinking
 m - 3 scrolls of fog
Potions
 c - a potion of resistance
 e - a potion of curing
 f - 4 potions of heal wounds
 g - 4 potions of haste
 h - 2 potions of magic
 i - a potion of berserk rage
Comestibles
 d - a ration


   Skills:
 - Level 1.7 Dodging
 - Level 1.7 Stealth
 + Level 6.2 Spellcasting
 + Level 6.0 Conjurations
 - Level 0.8 Summonings
   Level 0.8 Translocations


You had 12 spell levels left.
You knew the following spells:

 Your Spells              Type           Power        Failure   Level  Hunger
a - Magic Dart            Conj           ####         1%          1    None
b - Call Imp              Summ           ##......     9%          2    None

Your spell library contained the following spells:

 Spells                   Type           Power        Failure   Level  Hunger
 Conjure Flame            Conj/Fire      ###.....     7%          3    #......
 Blink                    Tloc           N/A          9%          2    None
 Mephitic Cloud           Conj/Pois/Air  ###.....     11%         3    #......
 Slow                     Hex            #.......     12%         2    None


Dungeon Overview and Level Annotations

Branches:
Dungeon (1/1)

Shops:
D *[%??*?*:[((!!!!


Innate Abilities, Weirdness & Mutations

You have an increased reservoir of magic. (+10% MP)


Message History

An orc priest comes into view. It is wielding a +0 war axe.
Casting: Magic Dart (safe; 1% risk of failure)
Confirm with . or Enter, or press ? or * to list all spells.
Aiming: Magic Dart (safe; 1% risk of failure)
Press: ? - help, Shift-Dir - straight line, f - orc priest
Aim: an orc priest, wielding a +0 war axe and wearing a +0 ring mail The magic dart hits the orc priest.
The orc priest is moderately wounded.
Casting: Magic Dart (safe; 1% risk of failure)
Confirm with . or Enter, or press ? or * to list all spells.
Aiming: Magic Dart (safe; 1% risk of failure)
Press: ? - help, Shift-Dir - straight line, f/p - orc priest
Aim: an orc priest, wielding a +0 war axe and wearing a +0 ring mail (moderately wounded)
The magic dart hits the orc priest but does no damage.
The orc priest is moderately wounded.
The orc priest hits you with a +0 war axe!
* * * LOW HITPOINT WARNING * * *
The orc priest invokes the aid of Beogh against you.
Beogh smites you!
You die...

#####.8.........8.######
∩__.......###......___∩##
........8.# #.8........∩###
..........###.............##
.......###...###..........⌠#
.......# #.<.# #o.........⌠#
.......###...###..........⌠#
..........###.............##
........8.# #.8.@......∩###
∩___......###......_._∩##
#####.8.........8.######
#⌠......)....⌠#
###.........### #_......._#
#_......._# #_......._#
#∩.......∩#


You could see an orc priest.

Vanquished Creatures
  Crazy Yiuf (D)
  A gnoll shaman (D)
  Terence (D)
  3 gnolls (D)
  An orc (D)
  A ball python (D)
  A giant cockroach (D)
9 creatures vanquished.

Notes
Turn   | Place    | Note
-------+----------+-------------------------------------------
     0 | D        | Dookie the Demigod Wizard began the quest for the Orb.
     0 | D        | Reached XP level 1. HP: 14/14 MP: 6/6
     5 | D        | Round 1.
     7 | D        | Noticed Terence
     8 | D        | Found a hide-covered altar of Uskayaw.
     8 | D        | Found a bloodstained altar of Trog.
     9 | D        | Found a viscous altar of Jiyva.
    10 | D        | Found a radiant altar of Vehumet.
    10 | D        | Found a sacrificial altar of Ru.
    11 | D        | Found a stormy altar of Qazlal.
    11 | D        | Found a blossoming altar of Fedhas.
    11 | D        | Found a glowing golden altar of the Shining One.
    11 | D        | Found Lohaosiz's Staff Store.
    11 | D        | Found Rateryot's Magic Scroll Shop.
    12 | D        | Found Kuost's Distillery.
    12 | D        | Found Fahuwk's Must-Have Magic.
    12 | D        | Found Vaocelum's Magic Scroll Shop.
    13 | D        | Found Yskalipt's Distillery.
    13 | D        | Found Zago's Bottled Wisdom.
    17 | D        | Found a corrupted altar of Lugonu.
    17 | D        | Found a burning altar of Makhleb.
    17 | D        | Found Jufi's Do-It-Yourself Clinic.
    32 | D        | Killed Terence
    32 | D        | Reached XP level 2. HP: 20/20 MP: 7/10
    36 | D        | Learned a level 2 spell: Call Imp
    94 | D        | Arena points: 5 (+5) [x1]
   109 | D        | Round 2.
   118 | D        | Found a shimmering altar of Xom.
   128 | D        | Reached skill level 5 in Spellcasting
   128 | D        | Reached XP level 3. HP: 5/26 MP: 2/12
   143 | D        | Noticed Crazy Yiuf
   149 | D        | Killed Crazy Yiuf
   149 | D        | Reached skill level 5 in Conjurations
   149 | D        | Reached XP level 4. HP: 8/33 MP: 0/14
   182 | D        | Found a roughly hewn altar of Beogh.
   183 | D        | Found a shimmering blue altar of Sif Muna.
   184 | D        | Found a shadowy altar of Dithmenos.
   184 | D        | Found an ornate altar of the Wu Jian Council.
   185 | D        | Found an iron altar of Okawaru.
   185 | D        | Found an ancient bone altar of Kikubaaqudgha.
   185 | D        | Found Iqemuboh's Weapon Rack.
   185 | D        | Found Ratome's Premium Goods.
   186 | D        | Found Tigoyva's Basic Armour.
   186 | D        | Found Zymy's Miscellaneous Merchandise.
   224 | D        | Found a glowing silver altar of Zin.
   225 | D        | Found a basalt altar of Yredelemnul.
   226 | D        | Found an opulent altar of Gozag.
   227 | D        | Found Kuhoe's Identification Station.
   227 | D        | Found a snail-covered altar of Cheibriados.
   227 | D        | Found Pimabb's Delicious Food.
   228 | D        | Found Wocuast's Advanced Armour.
   228 | D        | Found Toduy's Jewellery.
   245 | D        | Arena points: 17 (+12) [x1]
   260 | D        | Round 3.
   269 | D        | Killed from afar by an orc priest

Levels and vault maps discovered:
D:        arena_sprint

Skill      XL: |  1  2  3  4 |
---------------+-------------+-----
Spellcasting   | 4 5 6 |  6.2
Conjurations   | 3 4 5 6 |  6.0
Dodging        | |  1.7
Stealth        | |  1.7
Summonings     | |  0.8
Translocations | |  0.8

Action                   |  1- 3 |  4- 6 || total
-------------------------+-------+-------++-------
Melee: Unarmed           |    21 |     4 ||    25
 Cast: Magic Dart        |    15 |     9 ||    24
       Call Imp          |     2 |       ||     2
Evoke: Wand              |     3 |     2 ||     5
Armor: Robe              |     7 |     1 ||     8
Dodge: Dodged            |    18 |     6 ||    24
